Workbook

Sheet Лист1
G1: Додаток 2 до Національного положення (стандарту) бухгалтерського обліку в державному секторі 101 «Подання фінансової звітності»
I2: КОДИ
C3: Дата (рік, місяць, число) | I3: 2019 | J3: 4 | K3: 10
A4: Установа/бюджет | B4: =[1]ЗАПОЛНИТЬ!B3 -> Виконавчий комітет Саксаганської районної у місті ради | G4: за ЄДРПОУ | I4: =[1]ЗАПОЛНИТЬ!B13 -> 05410872
A5: Територія | B5: =[1]ЗАПОЛНИТЬ!B5 -> Дніпропетровська обл., м.Кривий Ріг, Саксаганський район, вул. Володимира Великого, 32 | G5: за КОАТУУ | I5: =[1]ЗАПОЛНИТЬ!B14 -> 1211037000
A6: Організаційно-правова форма господарювання | B6: =[1]ЗАПОЛНИТЬ!D15 -> Орган місцевого самоврядування | G6: за КОПФГ | I6: =[1]ЗАПОЛНИТЬ!B15 -> 420
A7: Орган державного управління | G7: за КОДУ
A8: Вид економічної діяльності | G8: за КВЕД
A9: Одиниця виміру: грн.
A10: Періодичність: проміжна, річна
A11: ЗВІТ ПРО ФІНАНСОВІ РЕЗУЛЬТАТИ
A12: =CONCATENATE("за ",[1]ЗАПОЛНИТЬ!$B$17," ",LEFT([1]ЗАПОЛНИТЬ!$C$17,5),"рік") -> за І квартал 2019 рік
A13: І. ФІНАНСОВИЙ РЕЗУЛЬТАТ ДІЯЛЬНОСТІ
J14: Форма № 2-дс
A15: Стаття | C15: Код рядка | D15: За звітний період | H15: За аналогічний період попереднього року
A16: 1 | C16: 2 | D16: 3 | H16: 4
A17: ДОХОДИ
A18: Доходи від обмінних операцій
A19: Бюджетні асигнування | C19: 2010 | D19: 11527165 | H19: 6707239
A20: Доходи від надання послуг (виконання робіт) | C20: 2020 | H20: 0
A21: Доходи від продажу активів | C21: 2030 | D21: ='[2]3'!$DN$28 -> 0 | H21: 0
A22: Фінансові доходи | C22: 2040 | H22: 0
A23: Інші доходи від обмінних операцій | C23: 2050 | D23: 14065 | H23: 2193
A24: Усього доходів від обмінних операцій | C24: 2080 | D24: =SUM(D19:G23) -> 11541230 | H24: =SUM(H19:K23) -> 6709432
A25: Доходи від необмінних операцій
A26: Податкові надходження | C26: 2090 | D26: 0 | H26: 0
A27: Неподаткові надходження | C27: 2100 | D27: 0 | H27: 0
A28: Трансферти | C28: 2110 | D28: 0 | H28: 0
A29: Надходження до державних цільових фондів | C29: 2120 | D29: 0 | H29: 0
A30: Інші доходи від необмінних операцій | C30: 2130 | D30: 41389 | H30: 21565
A31: Усього доходів від необмінних операцій | C31: 2170 | D31: =SUM(D26:G30) -> 41389 | H31: =SUM(H26:K30) -> 21565
A32: Усього доходів | C32: 2200 | D32: =D31+D24 -> 11582619 | H32: =H31+H24 -> 6730997
A33: ВИТРАТИ
A34: Витрати за обмінними операціями
A35: Витрати на виконання бюджетних програм | C35: 2210 | D35: 10824759 | H35: 6655048
A36: Витрати на виготовлення продукції (надання послуг, виконання робіт) | C36: 2220 | D36: 16448 | H36: 120
A37: Витрати з продажу активів | C37: 2230 | D37: 0 | H37: 0
A38: Фінансові витрати | C38: 2240 | D38: 0 | H38: 0
A39: Інші витрати за обмінними операціями | C39: 2250 | D39: 1181 | H39: 1704
A40: Усього витрат за обмінними операціями | C40: 2290 | D40: =SUM(D35:G39) -> 10842388 | H40: =SUM(H35:K39) -> 6656872
A41: Витрати за необмінними операціями
A42: Трансферти | C42: 2300 | D42: 0 | H42: 0
A43: Інші витрати за необмінними операціями | C43: 2310 | D43: 239078 | H43: 2368
A44: Усього витрати за необмінними операціями | C44: 2340 | D44: =SUM(D42:G43) -> 239078 | H44: =SUM(H42:K43) -> 2368
A45: Усього витрат | C45: 2380 | D45: =D44+D40 -> 11081466 | H45: =H44+H40 -> 6659240
A46: Профіцит/дефіцит за звітний період | C46: 2390 | D46: =D32-D45 -> 501153 | H46: =H32-H45 -> 71757
A49: ІІ. ВИДАТКИ БЮДЖЕТУ (КОШТОРИСУ) ЗА ФУНКЦІОНАЛЬНОЮ КЛАСИФІКАЦІЄЮ ВИДАТКІВ ТА КРЕДИТУВАННЯ БЮДЖЕТУ
A51: Найменування показника | C51: Код рядка | D51: За звітний період | H51: За аналогічний період попереднього року
A52: 1 | C52: 2 | D52: 3 | H52: 4
A53: Загальнодержавні функції | C53: 2420 | D53: =10715487+11556 -> 10727043 | H53: 6488562
A54: Оборона | C54: 2430 | D54: 0 | H54: 0
A55: Громадський порядок, безпека та судова влада | C55: 2440 | D55: 0 | H55: 0
A56: Економічна діяльність | C56: 2450 | D56: 0 | H56: 0
A57: Охорона навколишнього природного середовища | C57: 2460 | D57: 0 | H57: 0
A58: Житлово-комунальне господарство | C58: 2470 | D58: 73220 | H58: 84238
A59: Охорона здоров’я | C59: 2480 | D59: 0 | H59: 0
A60: Духовний та фізичний розвиток | C60: 2490 | D60: 55185 | H60: 34070
A61: Освіта | C61: 2500 | D61: 0 | H61: 0
A62: Соціальний захист та соціальне забезпечення | C62: 2510 | D62: 226018 | H62: 52370
A63: УСЬОГО: | C63: 2520 | D63: =SUM(D53:G62) -> 11081466 | H63: =SUM(H53:K62) -> 6659240 | P63: =D63-D45 -> 0
A64: ІІІ. ВИКОНАННЯ БЮДЖЕТУ (КОШТОРИСУ)
A66: Стаття | C66: Код рядка | D66: Загальний фонд | H66: Спеціальний фонд
D67: план на звітний рік | E67: фактична сума виконання за звітний період | F67: фактична сума виконання за звітний період | G67: різниця (графа 4 мінус графа 3) | H67: план на звітний рік із урахуванням змін | I67: план на звітний рік із урахуванням змін | J67: фактична сума виконання за звітний період | K67: різниця (графа 7 мінус графа 6)
A68: 1 | C68: 2 | D68: 3 | E68: 4 | G68: 5 | H68: 6 | I68: 7 | K68: 8
A69: ДОХОДИ
A70: Податкові надходження | C70: 2530 | D70: 0 | F70: 0 | G70: 0 | I70: 0 | J70: 0 | K70: 0
A71: Неподаткові надходження | C71: 2540 | D71: 0 | F71: 0 | G71: 0 | I71: 0 | J71: 0 | K71: 0
A72: Доходи від власності та підприємницької діяльності | C72: 2541 | D72: 0 | F72: 0 | G72: 0 | I72: 0 | J72: 0 | K72: 0
A73: Адміністративні збори та платежі, доходи від некомерційної господарської діяльності | C73: 2542 | D73: 0 | F73: 0 | G73: 0 | I73: 0 | J73: 0 | K73: 0
A74: Інші неподаткові надходження | C74: 2543 | D74: 0 | F74: 0 | G74: 0 | I74: 0 | J74: 0 | K74: 0
A75: Власні надходження бюджетних установ | C75: 2544 | D75: 0 | F75: 0 | G75: 0 | I75: 0 | J75: 0 | K75: 0
D76: 0 | F76: 0 | G76: 0 | I76: 0 | J76: 0 | K76: 0
A77: Доходи від операцій з капіталом | C77: 2550 | D77: 0 | F77: 0 | G77: 0 | I77: 0 | J77: 0 | K77: 0
A78: Офіційні трансферти, з них: | C78: 2560 | D78: 0 | F78: 0 | G78: 0 | I78: 0 | J78: 0 | K78: 0
A79: від органів державного управління | C79: 2561 | D79: 0 | F79: 0 | G79: 0 | I79: 0 | J79: 0 | K79: 0
A80: Цільові фонди | C80: 2570 | D80: 0 | F80: 0 | G80: 0 | I80: 0 | J80: 0 | K80: 0
A81: Надходження державних цільових фондів | C81: 2580 | D81: 0 | F81: 0 | G81: 0 | I81: 0 | J81: 0 | K81: 0
A82: Надходження Пенсійного фонду України | C82: 2581 | D82: 0 | F82: 0 | G82: 0 | I82: 0 | J82: 0 | K82: 0
A83: Надходження Фонду загальнообов'язкового державного соціального страхування України на випадок безробіття | C83: 2582 | D83: 0 | F83: 0 | G83: 0 | I83: 0 | J83: 0 | K83: 0
A84: Надходження Фонду соціального страхування України | C84: 2583 | D84: 0 | F84: 0 | G84: 0 | I84: 0 | J84: 0 | K84: 0
D85: 0 | F85: 0 | G85: 0 | I85: 0 | J85: 0 | K85: 0
A86: Інші надходження | C86: 2590 | D86: 0 | F86: 0 | G86: 0 | I86: 0 | J86: 0 | K86: 0
A87: Усього доходів | C87: 2600 | D87: 0 | F87: 0 | G87: 0 | I87: 0 | J87: 0 | K87: 0
A88: ВИТРАТИ
A89: Оплата праці і нарахування на заробітну плату | C89: 2610 | D89: 0 | F89: 0 | G89: 0 | I89: 0 | J89: 0 | K89: 0
A90: Використання товарів і послуг | C90: 2620 | D90: 0 | F90: 0 | G90: 0 | I90: 0 | J90: 0 | K90: 0
A91: Обслуговування боргових зобов’язань | C91: 2630 | D91: 0 | F91: 0 | G91: 0 | I91: 0 | J91: 0 | K91: 0
A92: Поточні трансферти, з них: | C92: 2640 | D92: 0 | F92: 0 | G92: 0 | I92: 0 | J92: 0 | K92: 0
A93: органам державного управління інших рівнів | C93: 2641 | D93: 0 | F93: 0 | G93: 0 | I93: 0 | J93: 0 | K93: 0
A94: Соціальне забезпечення | C94: 2650 | D94: 0 | F94: 0 | G94: 0 | I94: 0 | J94: 0 | K94: 0
A95: Інші поточні видатки | C95: 2660 | D95: 0 | F95: 0 | G95: 0 | I95: 0 | J95: 0 | K95: 0
A96: Нерозподілені видатки | C96: 2670 | D96: 0 | F96: 0 | G96: 0 | I96: 0 | J96: 0 | K96: 0
A97: Придбання основного капіталу | C97: 2680 | D97: 0 | F97: 0 | G97: 0 | I97: 0 | J97: 0 | K97: 0
A98: Капітальні трансферти, з них: | C98: 2690 | D98: 0 | F98: 0 | G98: 0 | I98: 0 | J98: 0 | K98: 0
A99: органам державного управління інших рівнів | C99: 2691 | D99: 0 | F99: 0 | G99: 0 | I99: 0 | J99: 0 | K99: 0
A100: Внутрішнє кредитування | C100: 2700 | D100: 0 | F100: 0 | G100: 0 | I100: 0 | J100: 0 | K100: 0
... A103: Профіцит/дефіцит за звітний період | C103: 2790 | D103: 0 | F103: 0 | G103: 0 | I103: 0 | J103: 0 | K103: 0
A105: IV. ЕЛЕМЕНТИ ВИТРАТ ЗА ОБМІННИМИ ОПЕРАЦІЯМИ
A107: Стаття | C107: Код рядка | D107: За звітний період | H107: За аналогічний період попереднього року
A108: 1 | C108: 2 | D108: 3 | H108: 4
...
